 Dungeon Crawl Stone Soup: Circus Animals version 1.7-37-g2c94cca (webtiles) character file.

119 Ihatecarrots00 the Magician (level 7, 93/93 HPs) *EASY*
             Began as a High Elf Fire Elementalist on May 12, 2017.
             Quit the game on level 7 of the Dungeon.
             The game lasted 00:26:28 (6079 turns).

Ihatecarrots00 the Magician (HEFE)                  Turns: 6079, Time: 00:26:29

Health: 93/93      AC:  2    Str:  7    XL:     7   Next: 47%
Magic:  84/150     EV: 17    Int: 20    God:
Gold:   163        SH:  0    Dex: 17    Spells: 2 memorised, 11 levels left

rFire  . . .     rPois    .     d - +3 quarterstaff (chaos)
rCold  . . .     rElec    .     b - +0 robe
rNeg   . . .     rCorr    .     (shield currently unavailable) MagicSh . . . SeeInvis .
                                (no helmet) StaminaSh . . . Faith .
                                (no cloak) RegenHP +++.......
SustAt .                        (no gloves) RegenSP ++++...... Dismiss .
                                (no boots) RegenMP ++++...... Reflect .
                                (no amulet)
MR     .....     Harm     .     (no ring)
Stlth  ++........               (no ring)

@: power, slow, not resistant to hostile enchantments, unstealthy
A: clean dna 2, focussed dna 2
a: no special abilities


You were on level 7 of the Dungeon.
You were not hungry.

You visited 1 branch of the dungeon, and saw 7 of its levels.

You collected 481 gold pieces.
You spent 318 gold pieces at shops.

Inventory:

Hand Weapons
 d - a +3 quarterstaff of chaos (weapon)
Missiles
 f - 15 arrows of flame
Armour
 b - a +0 robe (worn)
Jewellery
 a - an uncursed ring of protection from magic {unknown}
Wands
 c - a wand of teleportation (9/7)
 e - a wand of lightning (8/15)
 g - a wand of digging (13/24)
Scrolls
 i - 3 scrolls of remove curse
 j - a scroll of fog
 o - 3 scrolls of identify
 s - 4 scrolls of teleportation
 t - 2 scrolls of immolation
 u - a scroll of enchant armour
 w - a scroll of noise
 y - 2 scrolls of brand weapon
Potions
 b - 4 potions of heal wounds
 c - 10 potions of stamina
 d - 7 potions of magic
 e - 4 potions of lignification
 f - 2 potions of cancellation {unknown}
 g - 3 potions of degeneration {unknown}
 h - 21 potions of curing {unknown}
 k - a potion of haste {unknown}
 l - 2 potions of flight {unknown}
 m - 3 potions of ambrosia {unknown}
 n - a potion of resistance {unknown}
 p - 2 potions of agility {unknown}
 q - 3 potions of brilliance {unknown}
 r - a potion of mutation {unknown}
 v - a potion of berserk rage {unknown}
 x - a potion of might {unknown}
 z - 4 potions of invisibility {unknown}
Books
 a - a book of Flames

   Spells                             Type                      Level
   a - Flame Tongue                   Fire                         1
   b - Conjure Flame                  Conjuration/Fire             3
   c - Inner Flame                    Hexes/Fire/Time              3
   d - Sticky Flame                   Conjuration/Fire/Time        4
   e - Fireball                       Conjuration/Fire/Light       5
   f - Bolt of Magma                  Conjuration/Fire/Earth       5


   Skills:
 + Level 1.9 Armour
 - Level 3.8 Dodging
 - Level 1.8 Stealth
 * Level 4.7 Spellcasting
   Level 1.0 Conjurations
 + Level 4.2 Fire Magic


You had 11 spell levels left.
You knew the following spells:

 Your Spells              Type           Power        Failure   Level  Hunger
a - Flame Tongue          Fire           #.........   4%          1    ##.....
b - Inner Flame           Hex/Fire/Time  #.........   13%         3    ###....


Dungeon Overview and Level Annotations

Branches:
Dungeon (7/7)
   Lair: D:7

Altars:
Cheibriados
Elyvilon
Okawaru
Ru
Yredelemnul
Zin

Shops:
D:4 ?


Innate Abilities, Weirdness & Mutations

You have a better chance of losing mutations.
New mutations are much more likely to enhance existing mutations.


Message History

The flame tongue hits the rat. (mon hp-12)
You kill the rat!
A river rat comes into view. (hp=11, hd=1)
The flame tongue misses the river rat.
Unknown command.
The flame tongue misses the river rat.
The flame tongue hits the river rat. (mon hp-22)
You kill the river rat!
A rat comes into view. (hp=2, hd=1)
The flame tongue misses the rat.
The flame tongue hits the rat.
The rat appears unharmed.
The flame tongue hits the rat. (mon hp-1)
The flame tongue hits the rat. (mon hp-21)
You kill the rat!
A rat comes into view. (hp=3, hd=1) Unknown command.
Welcome back, Ihatecarrots00 the High Elf Fire Elementalist.
You are playing the Easy difficulty mode, Classic experience mode Press ? for a list of commands and other information.
Are you sure you want to abandon this character and quit the game? (Confirm with "yes".)

#.# #.## #..# ...# .. #.. ... #.#
#..P. ###.#...... #.###..@††...PP
#.......#.#..r. # #####.###.#
P.P.### #. #.# #. ..P.....PPPP .#
#.# #.##+..PPP...... .#
######.###.......PP..P... .#
#.......###.........P..P. .#
#.#.##.###..............#
.########....####................


You could see a rat.

Vanquished Creatures
  A yak (D:7)
  A hippogriff (D:7)
  A phantom (D:7)
  2 ice beasts (D:6)
  7 ogres
  A crocodile (D:3)
  3 orc warriors
  4 giant frogs (D:6)
  2 scorpions (D:7)
  A centaur zombie (D:5)
  A giant frog skeleton (D:5)
  2 crimson imps
  4 dart slugs (D:1)
  3 hounds
  4 orc priests
  5 orc wizards
  Crazy Yiuf (D:2)
  6 giant geckos
  3 gnolls (D:6)
  An iguana (D:6)
  20 orcs
  7 worker ants
  10 adders
  3 ball pythons (D:1)
  5 giant cockroaches
  15 goblins
  7 hobgoblins
  7 jackals
  17 kobolds
  5 quokkas
  3 river rats (D:7)
  A shadow imp (D:6)
  17 bats
  8 giant newts
  A howler monkey skeleton (D:6)
  A mummy (D:6)
  2 oozes (D:2)
  A quokka skeleton (D:4)
  22 rats
  A worker ant zombie (D:6)
  8 worms
214 creatures vanquished.

Vanquished Creatures (others)
  A fungus (D:7)
1 creature vanquished.

Grand Total: 215 creatures vanquished

Notes
Turn   | Place    | Note
-------+----------+-------------------------------------------
     0 | D:1      | Ihatecarrots00 the High Elf Fire Elementalist began the quest for the Orb.
     0 | D:1      | Reached XP level 1. HP: 34/34 MP: 150/150
   102 | D:1      | Reached XP level 2. HP: 44/44 MP: 128/150
   226 | D:1      | Reached XP level 3. HP: 54/54 MP: 143/150
   466 | D:1      | Reached XP level 4. HP: 63/63 MP: 146/150
   616 | D:2      | Found a snail-covered altar of Cheibriados.
   780 | D:2      | Found a white marble altar of Elyvilon.
   852 | D:2      | Found a basalt altar of Yredelemnul.
  1064 | D:2      | Found a runed door.
  1185 | D:2      | Noticed Crazy Yiuf
  1187 | D:2      | Killed Crazy Yiuf
  1262 | D:2      | Found a sacrificial altar of Ru.
  1740 | D:3      | Reached XP level 5. HP: 51/73 MP: 126/150
  2378 | D:2      | Found a glowing silver altar of Zin.
  2378 | D:2      | Found an iron altar of Okawaru.
  2499 | D:3      | Learned a level 3 spell: Inner Flame
  3397 | D:4      | Found Cuschiar's Magic Scroll Boutique.
  3400 | D:4      | Bought a scroll of enchant armour for 90 gold pieces
  3400 | D:4      | Bought a scroll of teleportation for 36 gold pieces
  3400 | D:4      | Bought a scroll of teleportation for 36 gold pieces
  3400 | D:4      | Bought a scroll of teleportation for 36 gold pieces
  3400 | D:4      | Bought a scroll of remove curse for 36 gold pieces
  3400 | D:4      | Bought a scroll of identify for 24 gold pieces
  3400 | D:4      | Bought a scroll of identify for 24 gold pieces
  3400 | D:4      | Bought a scroll of remove curse for 36 gold pieces
  3762 | D:5      | Entered Level 5 of the Dungeon
  3832 | D:5      | Found a basalt altar of Yredelemnul.
  4730 | D:6      | Reached skill level 1 in Armour
  4738 | D:6      | Reached XP level 6. HP: 45/65 MP: 119/150
  5581 | D:6      | Found a snail-covered altar of Cheibriados.
  5765 | D:7      | Entered Level 7 of the Dungeon
  5812 | D:7      | Reached XP level 7. HP: 56/70 MP: 150/150
  6079 | D:7      | Quit the game

Skill      XL: |  1  2  3  4  5  6 |
---------------+-------------------+-----
Armour         | 1 |  1.9
Spellcasting   | 4 |  4.7
Fire Magic     | 4 |  4.2
Dodging        | |  3.8
Stealth        | |  1.8
Conjurations   | |  1.0

Action                   |  1- 3 |  4- 6 |  7- 9 || total
-------------------------+-------+-------+-------++-------
Melee: Unarmed           |       |   244 |       ||   244
       Quarterstaff      |       |    31 |    26 ||    57
 Cast: Flame Tongue      |    58 |   294 |    35 ||   387
       Inner Flame       |       |     4 |     2 ||     6
  Use: Scroll            |       |    10 |       ||    10
       Potion            |       |       |     4 ||     4
 Stab: Confused          |       |     1 |       ||     1
Armor: Robe              |     1 |    30 |     7 ||    38
Dodge: Dodged            |    24 |   300 |   145 ||   469
